Map: Lightshade LE

Players

Astrea - Winner!

  • Race: Protoss Protoss

Semper

  • Race: Terran Terran

Event: DreamHack SC2 Masters 2021 Winter

VOD

Have the link to the VOD?

Description

Time

  • Played on: Oct. 7, 2021, 5:30 p.m.
  • Length: 6:10

All games in this series

Show
View Real Time Build Order
Export as new Build Order

Astrea Protoss - Winner!

Build Orders:  

Get SALT Encoding   

  12  0:00  Probe  
  13  0:12  Probe  
  14  0:16  Pylon  
  14  0:24  Probe  
  15  0:34  Gateway  
  15  0:36  Probe  
  16  0:48  Pylon  
  16  0:49  Probe  
  17  0:54  Assimilator  
  17  1:01  Probe  
  18  1:07  Gateway  
  18  1:13  Probe  
  19  1:22  Cybernetics Core  
  19  1:25  Probe  
  20  1:30  Assimilator  
  20  1:37  Probe  
  21  1:49  Probe  
  22  1:55  Adept (Chrono Boost)  
  22  1:56  Adept (Chrono Boost)  
  22  2:00  Warp Gate  
  26  2:01  Probe  
  27  2:10  Pylon  
  27  2:21  Probe  
  29  2:23  Adept (Chrono Boost)  
  29  2:25  Adept (Chrono Boost)  
  31  2:41  Robotics Facility  
  30  2:45  Probe  
  30  2:46  Adept (Chrono Boost)  
  31  3:08  Gateway x2  
  31  3:26  Warp Prism (Chrono Boost)  
  31  3:38  Pylon  
  31  3:48  Probe  
  32  3:50  Stalker  
  32  3:51  Stalker  
  36  3:58  Observer  
  37  4:06  Stalker  
  37  4:07  Stalker  
  41  4:26  Pylon  
  41  4:34  Stalker x3  
  47  4:44  Probe  
  46  4:52  Stalker  
  48  4:56  Probe  
  41  5:07  Stalker x2  
  41  5:08  Stalker, Probe  
  38  5:31  Stalker x3  
  44  5:49  Probe  
Show
View Real Time Build Order
Export as new Build Order

Semper Terran 

Build Orders:  

Get SALT Encoding   

  12  0:00  SCV  
  13  0:12  SCV  
  14  0:17  Supply Depot  
  14  0:25  SCV  
  15  0:41  Barracks  
  15  0:43  SCV  
  15  0:46  Refinery  
  16  0:55  SCV  
  16  0:56  Refinery  
  17  1:07  SCV  
  18  1:19  SCV  
  19  1:28  Reaper  
  19  1:31  Orbital Command  
  20  1:37  Engineering Bay  
  20  1:47  Factory  
  20  1:57  Supply Depot  
  20  2:01  SCV  
  20  2:07  Reaper  
  22  2:13  SCV  
  23  2:26  SCV  
  24  2:32  Widow Mine  
  24  2:34  Starport  
  25  2:42  SCV  
  26  2:44  Supply Depot  
  26  2:54  Widow Mine  
  28  3:02  SCV  
  29  3:13  Viking  
  29  3:14  Supply Depot  
  29  3:17  Widow Mine  
  32  3:23  SCV  
  32  3:35  SCV  
  33  3:42  Factory Tech Lab, Command Center  
  33  3:48  Starport Tech Lab, Marine  
  33  3:53  Bunker  
  34  3:55  SCV  
  35  4:07  Banshee  
  35  4:08  Bunker  
  38  4:17  Marine  
  38  4:19  SCV  
  40  4:25  Supply Depot  
  40  4:26  Cyclone  
  43  4:35  Marine  
  44  4:43  SCV  
  34  4:53  Marine  
  34  4:58  Siege Tank  
  32  5:09  SCV  
  32  5:11  Marine  
  27  5:27  Medivac  
  27  5:28  SCV  
  30  5:33  Marine  
  31  5:36  SCV  
  29  5:44  SCV  
  22  5:57  SCV  

Tags
 
Add a new tag
Caveats
  • Supply blocks, unpowered buildings, or Contaminate may cause inaccurate times.
  • Supply counts are checked every 10 seconds.